Arrhythmia, chaotic female vampiric Convict ----------- ----------- ###############################################|.........| |.........| # #--------------------------------# # |>........| |.........| (# #|..............................|### ##..........| |.........-#######|.------|--------------..-----.|# # |.........| |..<......| #|.|....|..|...|. |..|..| |.|# ### ----------- |..........# #|.|... |..|...|. |...).| |.|# # -.---------### )|.--|-----|...||------|..+ |.|# ### ######## # ###|......|..|...|.|..|..|.-----|.|# # # ### #|.----.|..|-|--.|..|..|.|....|.|# ### ## ### #|.| |.--|-..{..--||..|)-.@@.|.|# # ----.-- # ##)|%|..-.............--|-.|._(.|.|########## |.....-## #|.|----|--.----|--......|..[.|.| |.....|### #|.| ...|....|..|--|--------|.| |......######|.| |(@(|.|..|!@| ...|#.|...|.| |.....| ####|.| |(((|.---|!.|....|..|...-.| ------- # |(--+-----..{.----------|-----.| ##............[....).............| -------------------------------- Arrhythmia the Jail-bird Experience level: 9 Strength: 17 Dexterity: 10 Constitution: 19 Intelligence: 13 Wisdom: 6 Charisma: 9 Health: 0(102) Energy: 48(48) AC: -2 Gold: 770 Moves: 3136 Your Inventory: Coins $ - 770 gold pieces Armor b - a cursed +0 striped shirt (being worn) r - an [uncursed] +0 dwarvish mithril-coat (being worn) t - an [uncursed] +0 hard hat [dwarvish iron helm] (being worn) u - an [uncursed] +0 hooded cloak of speed [dwarvish] (being worn) z - a blessed +1 small shield (being worn) A - an [uncursed] +0 pair of gloves called reg [leather] (being worn) D - an uncursed +0 pair of walking shoes [of telepathy] and displacement named Telepathy [low] (being worn) Rings G - an uncursed citrine ring [of polymorph control] Wands p - an uncursed wand of magic missile [0:3] F - an uncursed quartz wand [of digging (0:4)] J - an uncursed spiked wand [of probing (0:7)] Tools w - an uncursed towel x - an uncursed can of grease [0:25] E - an uncursed stethoscope Q - an uncursed looking glass [mirror] R - an uncursed [tallow] candle Gems M - an uncursed stone called Touch [touchstone] Iron balls c - an uncursed rusty heavy iron ball (chained to you) Spells known in the end: Name Level Category Fail Memory Your skills at the end: Fighting Skills Weapon Skills flail [Basic / Expert] sling [Basic / Skilled] Spellcasting Skills Final Attributes: You had sinned. Hunger level was 19. Your alignment was -8 / 25. Monster difficulty range was 1 - 8. Level difficulty was 7. You were immune to poison. You were immune to level-drain. You were immune to sickness. You were blinded. You were punished. You were telepathic. You were displaced. You could fly. You could survive without air. You regenerated. You were very fast. You were lucky (1). You are dead. Vanquished creatures: a watch captain a small mimic 4 watchmen a gnome king a jaguar a water nymph 13 gnome lords 6 gnomish wizards a kobold mummy a giant ant 13 dwarves a giant bat 6 monkeys a wererat 2 iguanas 2 acid blobs a coyote a hobbit a yellow mold a red mold 54 gnomes a gnome zombie 3 geckos 3 jackals a fox a kobold a goblin 5 sewer rats 2 bats 4 lichens 3 newts 137 creatures vanquished. Voluntary challenges: You went without food. You never hit with a wielded weapon. You read items or engraved 2 times. You put on armor 21 times. You never genocided any monsters. You never polymorphed an object. You never changed form. You used no wishes. You abstained from Elbereth's help. You never encountered a bones level. You never used any Sokoban shortcuts. Dungeon overview: The Dungeons of Doom: levels 1 to 4 Level 1 a long staircase Level 2 a fountain Level 3 a fountain Level 4 a general store stairs to The Gnomish Mines The Gnomish Mines: levels 5 to 10 Level 5 stairs to The Dungeons of Doom Level 7 <- You were here some shops, a temple to Tymora, a magic chest, some fountains, a sink History has recorded: On T:1 you entered the Dungeons of Doom to retrieve the Amulet of Yendor! On T:384 you reached level 2 of The Dungeons of Doom. On T:486 you advanced to experience level 2. On T:557 you advanced to experience level 3. On T:812 you advanced to experience level 4. On T:906 you reached level 3 of The Dungeons of Doom. On T:1162 you advanced to experience level 5. On T:1239 you reached level 4 of The Dungeons of Doom. On T:1454 you reached level 1 of The Gnomish Mines. On T:1479 you advanced to experience level 6. On T:1709 you reached level 2 of The Gnomish Mines. On T:1737 you advanced to experience level 7. On T:1848 you reached level 3 of The Gnomish Mines. On T:2199 you advanced to experience level 8. On T:2435 you reached level 4 of The Gnomish Mines. On T:2682 you reached level 5 of The Gnomish Mines. On T:2811 you reached level 6 of The Gnomish Mines. On T:2870 you advanced to experience level 9. Latest messages: [HP-21=81] You hit the priest of Tymora. You miss the priest of Tymora. The priest of Tymora swings his mace. The priest of Tymora hits! The priest of Tymora kicks! The priest of Tymora casts a spell at you! Scales cover your eyes! [HP-30=51] You miss the priest of Tymora. (2x) [HP+1=52] You hit the priest of Tymora. You miss the priest of Tymora. The priest of Tymora hits! The priest of Tymora kicks! [HP-23=29] You hit the priest of Tymora. You miss the priest of Tymora. [HP+1=30] You hit the priest of Tymora. You bite the priest of Tymora. The priest of Tymora hits! You die... Final status: Goodbye Arrhythmia the Convict... You died in The Gnomish Mines on dungeon level 7 with 5757 points, and 770 pieces of gold, after 3136 moves. You were level 9 with a maximum of 102 hit points when you died.